[Event "44th Chess Olympiad Open 2022"]
[Site "Chennai"]
[Date "2022.07.30"]
[Round "2.41"]
[White "Kwon, Sehyun"]
[Black "Subelj, Jan"]
[Result "0-1"]
[ECO "D11"]
[WhiteElo "2225"]
[BlackElo "2498"]
[Annotator "TA"]
[PlyCount "82"]
[EventDate "2022.07.29"]
[EventType "team-tourn"]
[EventCountry "IND"]
[SourceTitle "playchess.com"]
[Source "ChessBase"]
[SourceQuality "1"]
[WhiteTeam "Korea"]
[BlackTeam "Slovenia"]
[WhiteTeamCountry "KOR"]
[BlackTeamCountry "SLO"]
[TimeControl "40/5400+30:1800+30"]

1. d4 d5 2. Nf3 Nf6 3. g3 Bf5 4. Bg2 e6 5. c4 c6 6. Nc3 h6 7. Qb3 {[%emt 0:01:01] is cutting edge theory. D11: Slav Defence: 3 Nf3 sidelines and 3...Nf6 4 e3 Bg4.} Qb6 8. c5 Qxb3 9. axb3 {[%emt 0:00:07] The position is equal.} Na6 10. Ra4 Bc2 (10... Nd7 $11 {should be considered.}) 11. Ra3 (11. Be3 $14) 11... Nd7 $11 {[%emt 0:22:34] [#]} 12. Bf4 $146 ({Predecessor:} 12. O-O g5 13. Be3 Nc7 14. h4 gxh4 15. Nh2 Rg8 16. b4 a6 17. Bf4 O-O-O 18. Rc1 {½-½ (36) Khenkin,I (2605)-Michiels,B (2533) Germany 2016}) 12... f6 13. Bh3 g5 14. Bd2 e5 15. O-O Bg6 (15... h5 $5 16. Bxd7+ Kxd7 $11) 16. e3 e4 17. Ne1 h5 18. Rxa6 bxa6 19. b4 $2 {[%emt 0:00:17] Now White is beyond hope.} (19. Nc2 $1 $11) 19... g4 $19 20. Bg2 h4 21. gxh4 Rxh4 22. Nc2 {[%emt 0:00:05] [#]} O-O-O $1 23. Na1 Be7 24. Nb3 Rdh8 25. Ra1 {[%emt 0:00:09] [#]} Nb8 ({Inferior is} 25... Rxh2 26. Rxa6 Nb8 27. Rxa7 $14) 26. b5 axb5 (26... Rxh2 27. bxc6 Bf7 28. Na5 $17) 27. Rxa7 Bd8 ({Stronger than} 27... Bf8 28. Na5 $15) 28. Ne2 Rxh2 29. Na5 Bxa5 30. Rxa5 Kb7 31. Ra1 Nd7 32. Ba5 R2h6 33. Nf4 Bf7 34. Ne2 Ra8 35. b4 Nf8 36. Ng3 Bg6 {[%emt 0:00:18] Inhibits Nf5.} 37. Bf1 Ne6 {[%emt 0:00:20] Black is clearly winning.} 38. Ne2 Ng5 39. Kg2 (39. Bg2 $142) 39... Nf3 {[%emt 0:01:12][%cal Og4g3] Hoping for ...g3!} 40. Kg3 Rh1 {[%emt 0:00:57] Threatens to win with ...Nh4.} 41. Kg2 Rah8 {[%emt 0:01:55] Weighted Error Value: White=0.74/Black=0.13 (very precise)} 0-1

[Event "44th Chess Olympiad Open 2022"]
[Site "Chennai"]
[Date "2022.07.30"]
[Round "2.42"]
[White "Giron, Jorge Ernesto"]
[Black "Morovic Fernandez, Ivan"]
[Result "1/2-1/2"]
[ECO "C77"]
[WhiteElo "2288"]
[BlackElo "2489"]
[Annotator "TA"]
[PlyCount "106"]
[EventDate "2022.07.29"]
[EventType "team-tourn"]
[EventCountry "IND"]
[SourceTitle "playchess.com"]
[Source "ChessBase"]
[SourceQuality "1"]
[WhiteTeam "El Salvador"]
[BlackTeam "Chile"]
[WhiteTeamCountry "ESA"]
[BlackTeamCountry "CHI"]
[TimeControl "40/5400+30:1800+30"]

1. e4 e5 2. Nf3 Nc6 3. Bb5 a6 4. Ba4 Nf6 5. O-O Be7 6. d3 b5 7. Bb3 d6 8. a3 O-O 9. Nc3 Rb8 {[%emt 0:04:02] C77: Ruy Lopez: 3...a6 4 Ba4 Nf6, unusual lines.} 10. Ba2 {[%emt 0:11:56] [#]} Qe8 $146 ({Predecessor:} 10... b4 11. axb4 Nxb4 12. Bb1 c5 13. Ne2 a5 14. c3 Nc6 15. Ng3 Be6 16. Nd2 d5 17. exd5 Nxd5 {½-½ (25) Ponomariov,R (2636)-Kelires,A (2536) Terme Catez 2022}) 11. h3 Bd8 {[%emt 0:05:39] White has an edge.} 12. Re1 Ne7 13. b4 Ng6 14. Ne2 Be6 15. Ng3 Nd7 16. Be3 Bxa2 17. Rxa2 Ne7 18. c4 f5 19. exf5 (19. Nxf5 {feels hotter.} Nxf5 20. exf5 Rxf5 21. Rc2) 19... Nxf5 20. Nxf5 Rxf5 21. cxb5 axb5 22. Qb3+ (22. Qc2 {seems wilder.} Rf8 23. a4 bxa4 24. Rxa4 Nf6 25. Bd2) 22... Qf7 23. Qxf7+ Rxf7 24. Rc1 Nf6 25. Ng5 Rd7 26. Ne4 Nd5 27. Nc3 Nxe3 28. fxe3 d5 29. Kf2 Bg5 {[%emt 0:03:21] [#] ...d4 is the strong threat.} 30. Ke2 Rb6 31. Nd1 Bd8 (31... c6 $1 $15 {feels stronger.}) 32. Rac2 $11 {[%emt 0:01:50] The position is equal.} Ra6 33. Rc5 Rxa3 34. R1c2 {[%emt 0:00:04] Prevents Ra2.} Rb3 35. Rxb5 Be7 {[%emt 0:00:20] Prevents Rcc5.} 36. Rb7 Bd6 37. Rb2 Rxb2+ 38. Nxb2 {[%emt 0:00:03][%mdl 4096] Endgame KRB-KRN} Kf7 39. e4 dxe4 40. dxe4 Ke6 41. Nd3 Rd8 42. Ra7 Rb8 43. Ra4 h5 44. Kd2 Rf8 45. Kc3 Rf1 46. Kc4 Rg1 47. Ra2 g5 48. Rf2 g4 49. hxg4 hxg4 50. Kc3 Kd7 51. Kc4 Ke6 52. Kc3 Kd7 53. Kc4 Ke7 {[%emt 0:00:27] Weighted Error Value: White=0.06 (flawless) /Black=0.06 (flawless)} 1/2-1/2

[Event "44th Chess Olympiad Open 2022"]
[Site "Chennai"]
[Date "2022.07.30"]
[Round "2.43"]
[White "Dornbusch, Tatiana"]
[Black "Stefansson, Hannes"]
[Result "0-1"]
[ECO "D00"]
[WhiteElo "2247"]
[BlackElo "2541"]
[Annotator "TA"]
[PlyCount "68"]
[EventDate "2022.07.29"]
[EventType "team-tourn"]
[EventCountry "IND"]
[SourceTitle "playchess.com"]
[Source "ChessBase"]
[SourceQuality "1"]
[WhiteTeam "Monaco"]
[BlackTeam "Iceland"]
[WhiteTeamCountry "MNC"]
[BlackTeamCountry "ISL"]
[TimeControl "40/5400+30:1800+30"]

1. d4 Nf6 2. Bg5 d5 3. Bxf6 gxf6 4. c4 dxc4 5. e3 c5 6. Nc3 {[%emt 0:20:28] D00: 1 d4 d5: Unusual lines.} cxd4 7. exd4 (7. Bxc4 $5 Rg8 8. Qh5 $15) 7... Nc6 8. Bxc4 {[%emt 0:09:16] Black is slightly better.} Qxd4 9. Qxd4 Nxd4 10. Rd1 $1 {[%emt 0:01:56] [#]} Nc2+ $146 ({Predecessor:} 10... e5 11. Nge2 Bc5 12. Nxd4 Bxd4 13. Nb5 Bb6 14. O-O Bg4 15. Rc1 Rg8 16. Nd6+ Ke7 {0-1 (23) Zozulia,A-Metelkin,V Nikolaev 2007}) 11. Kf1 Bh6 12. Nd5 {[%emt 0:07:12] [#] Inhibits Nb4. And now Nc7+ would win.} Bg4 13. f3 (13. Ne2 $15 Rc8 14. Bb3) 13... Bf5 14. g4 (14. Nc7+ $2 Kf8 15. Nxa8 Ne3+ 16. Ke2 Nxd1 17. Kxd1 Kg7 $17) (14. Kf2 $17 {was necessary.}) 14... Bg6 {[%emt 0:01:47] This bishop pair is nice.} 15. h4 {[%emt 0:10:13] [#]} (15. Ke2 $17 {is a better defense.} Rc8 16. Bb3) 15... e6 $1 $19 16. Nxf6+ Ke7 {[%emt 0:00:46][%cal Be8e7,Be7f6,Bf6e5][%mdl 32] Threatens to win with ...Ne3+.} 17. Rd7+ Kxf6 18. g5+ Ke5 19. Kf2 {[%emt 0:00:53] Against Ne3} Rac8 20. b3 Rhd8 21. Rxd8 Rxd8 22. gxh6 Rd2+ 23. Ne2 Na3 {[%emt 0:01:35] Hoping for ...b5.} 24. h5 $2 (24. Rg1) 24... Bf5 25. Rc1 Rxa2 26. Ke3 Nc2+ 27. Kd2 Na3+ 28. Ke3 Rb2 29. Nd4 {[%emt 0:00:40] Against b5} Nc2+ 30. Nxc2 Bxc2 ({Stronger than} 30... Rxc2 31. Rxc2 Bxc2 32. b4 $19) 31. f4+ Kf6 32. Kd4 {[%emt 0:00:40] Kc3 is the strong threat.} Bf5 ({Not} 32... Bxb3 33. Kc3 Rh2 34. Bxb3 $11 (34. Kxb3 Rxh5 35. Bd3 Rxh6 $11)) 33. Ra1 a6 34. Rg1 $2 (34. Kc5) 34... b5 {[%emt 0:01:08] Weighted Error Value: White=0.35/Black=0.18 (very precise)} 0-1

[Event "44th Chess Olympiad Open 2022"]
[Site "Chennai"]
[Date "2022.07.30"]
[Round "2.44"]
[White "Samsonkin, Artiom"]
[Black "Nsubuga, Haruna"]
[Result "1-0"]
[ECO "B31"]
[WhiteElo "2434"]
[BlackElo "2160"]
[Annotator "TA"]
[PlyCount "55"]
[EventDate "2022.07.29"]
[EventType "team-tourn"]
[EventCountry "IND"]
[SourceTitle "playchess.com"]
[Source "ChessBase"]
[SourceQuality "1"]
[WhiteTeam "Canada"]
[BlackTeam "Uganda"]
[WhiteTeamCountry "CAN"]
[BlackTeamCountry "UGA"]
[TimeControl "40/5400+30:1800+30"]

1. e4 c5 2. Nf3 Nc6 3. Bb5 g6 4. c3 Bg7 5. d4 cxd4 6. cxd4 Qb6 {[%emt 0:00:11] 6...Nf6 injects fresh life into this line.} 7. Nc3 $1 Nxd4 {[%emt 0:03:48] [#] B31: Sicilian: 2...Nc6 3 Bb5 g6.} 8. Nd5 $1 Qc5 (8... Nxf3+ $16 {is a better defense.} 9. Qxf3 Qd6) 9. Nxd4 $18 Bxd4 {[%emt 0:00:09] [#] White is clearly better.} 10. O-O Be5 {[%emt 0:00:32] [#]} 11. Be3 $1 Qxb5 12. Bd4 {[%emt 0:00:05][%cal Be3d4,Bd4h8,Bh8f6][%mdl 96] [#] Deflection. White is more active.} Bd6 $146 {[%emt 0:13:15][%mdl 8192] Loses the game.} ({Predecessor:} 12... f6 13. Bxe5 Kf7 14. Bd4 b6 15. a4 Qc6 16. Rc1 Qd6 17. Nc7 Rb8 18. Qb3+ e6 {1-0 (45) Castella Garcia,F (2325)-Quispe Arteaga,G (2218) Mislata 2016}) 13. Bxh8 f6 {[%emt 0:01:58] Against e5} 14. Nxf6+ Nxf6 15. Bxf6 b6 16. a4 Qc4 17. Bd4 {[%emt 0:03:59] Strongly threatening Rc1.} Ba6 18. Re1 Qf7 19. Qd2 Bb7 20. f3 Bc6 (20... Qf4 $142 21. Qxf4 Bxf4) 21. e5 Bc7 22. Rac1 Qd5 23. Qc3 {[%emt 0:03:50][%cal Oe5e6] And now e6! would win.} Rc8 24. e6 Qh5 $2 (24... dxe6 25. Qxc6+ Qxc6 26. Rxc6 Bxh2+ 27. Kxh2 Rxc6) 25. Be5 Bd8 26. Qb3 {[%emt 0:05:32] White threatens exd7+ and mate.} dxe6 {[%emt 0:01:08] [#]} 27. Rxc6 Qh4 (27... Rxc6 28. Qb5) 28. g3 {[%emt 0:00:44] Weighted Error Value: White=0.34/Black=0.90} 1-0

[Event "44th Chess Olympiad Open 2022"]
[Site "Chennai"]
[Date "2022.07.30"]
[Round "2.45"]
[White "Johnson, Joshua"]
[Black "Gundavaa, Bayarsaikhan"]
[Result "0-1"]
[ECO "B12"]
[WhiteElo "2178"]
[BlackElo "2503"]
[Annotator "TA"]
[PlyCount "54"]
[EventDate "2022.07.29"]
[EventType "team-tourn"]
[EventCountry "IND"]
[SourceTitle "playchess.com"]
[Source "ChessBase"]
[SourceQuality "1"]
[WhiteTeam "TTO"]
[BlackTeam "Mongolia"]
[BlackTeamCountry "MGL"]
[TimeControl "40/5400+30:1800+30"]

1. e4 c6 2. d4 d5 3. e5 c5 4. dxc5 e6 5. a3 Bxc5 6. b4 {[%emt 0:00:04] B12: Caro-Kann: Advance Variation.} Be7 7. Nf3 a5 8. b5 {[%emt 0:02:13] The position is equal.} (8. Bb5+ Bd7 9. Bxd7+ Nxd7 $15) 8... Nd7 9. Bb2 Nh6 10. c4 dxc4 11. Bxc4 b6 {[%emt 0:01:53] [#]} 12. Nbd2 $146 ({Predecessor:} 12. O-O Bb7 13. Qe2 Rc8 14. Nbd2 O-O 15. Ne4 Rc7 16. Nd6 Bxf3 17. gxf3 Nxe5 18. Bxe5 Bxd6 {½-½ (38) Tarasenko,I (2005)-Den,D (2166) Tuapse 2022}) 12... Bb7 13. Nd4 Qc7 {[%emt 0:15:10] Prevents Nc6.} ({Don't do} 13... Bxg2 14. Rg1 Bb7 15. Qh5 $16) 14. Qh5 O-O 15. O-O Qxe5 16. Qh3 {[%emt 0:00:03] [#] And now Rae1 would win.} Bf6 $36 {[%emt 0:02:28][%cal Be7f6,Bf6b2,Bb2a3][%mdl 2080] Black is on the roll.} 17. Rae1 (17. Rad1 $17) 17... Qf4 $19 18. Nxe6 (18. N2f3 $142 Bxf3 19. Qxf3 Qxf3 20. gxf3) 18... fxe6 ({Weaker is} 18... Qxd2 19. Bxf6 Nxf6 20. Rd1 $17) 19. Qxe6+ Kh8 20. Qxd7 {[%emt 0:00:03] [#] Strongly threatening Bxf6.} Bxb2 {[%emt 0:01:40] Dancing on a razor blade.} 21. Qxb7 Qxd2 ({Inferior is} 21... Ng4 22. Nf3 Qxc4 23. Re4 $17) 22. Re2 Qd4 23. Bb3 Rab8 {[%emt 0:01:55] Black is clearly winning.} 24. Qe7 Nf5 25. Qg5 Bxa3 26. Bc2 Qf6 27. Qg4 Nd4 {[%emt 0:00:25] Weighted Error Value: White=0.39/Black=0.07 (flawless)} 0-1

[Event "44th Chess Olympiad Open 2022"]
[Site "Chennai"]
[Date "2022.07.30"]
[Round "2.46"]
[White "Taher, Yoseph Theolifus"]
[Black "Croad, Nicolas"]
[Result "1-0"]
[ECO "E20"]
[WhiteElo "2463"]
[BlackElo "2289"]
[Annotator "TA"]
[PlyCount "85"]
[EventDate "2022.07.29"]
[EventType "team-tourn"]
[EventCountry "IND"]
[SourceTitle "playchess.com"]
[Source "ChessBase"]
[SourceQuality "1"]
[WhiteTeam "Indonesia"]
[BlackTeam "New Zealand"]
[WhiteTeamCountry "INA"]
[BlackTeamCountry "NZL"]
[TimeControl "40/5400+30:1800+30"]

1. d4 Nf6 2. c4 e6 3. Nc3 Bb4 4. f3 c5 5. d5 b5 6. e4 bxc4 7. Bxc4 Nxd5 8. Bxd5 exd5 9. Qxd5 Nc6 10. Nge2 Ba6 11. Kf2 O-O {[%emt 0:03:59] E20: Nimzo-Indian: 4 g3 and 4 f3.} 12. Rd1 Re8 {[%emt 0:18:09] [#] has lost popularity (12...Ba5).} 13. Kg1 $146 ({Predecessor:} 13. Bf4 Bxc3 14. bxc3 Qf6 15. Bd6 Rac8 16. Bxc5 Re5 17. Qd6 Rxe4 18. Nd4 Qxd6 {½-½ (18) Krush,I (2436)-Paehtz,E (2456) Dortmund 2006}) 13... Ne5 {[%emt 0:04:57] The position is equal.} 14. Nf4 (14. Bf4 $5 Bc4 15. Qd2 $14) 14... Rb8 15. a3 (15. Qd6 $11 Rb6 16. Qd2) 15... Ba5 (15... Bc4 $15 16. Qd2 Ba5) 16. Qd6 (16. Kh1 $11 {feels stronger.}) 16... Rb6 (16... Bc4 $1 $15) 17. Qxc5 $14 {[%emt 0:04:29] Hoping for b4.} Rxb2 18. Ncd5 (18. Bxb2 $2 Bb6 19. Na4 Bxc5+ 20. Nxc5 Nxf3+ $1 21. gxf3 Qg5+ 22. Ng2 Qxc5+ 23. Bd4 Qh5 $19) 18... Qg5 $2 19. Kh1 $2 (19. Bxb2 Bb6 20. Qxb6 axb6 $15) (19. Qxa5 $18 {and the rest is easy.} Nxf3+ 20. Kh1) 19... Bb6 $16 20. Nxb6 axb6 21. Qc3 Rf2 {[%emt 0:02:20] ...Qh4 is the strong threat.} 22. Be3 $40 {[%emt 0:02:08][%csl LRb6,LRf2][%mdl 128] White goes for the king.} Rc8 23. Qd4 Nxf3 (23... Rfc2 $16 {is a better defense.}) 24. Qd6 $2 (24. gxf3 Be2 $1 25. Rg1 Bxf3+) (24. Qxd7 $18 Qh4 25. h3) 24... Rfc2 {[%emt 0:09:46][%mdl 8192] White leaves nothing to chance now.} 25. gxf3 $18 {[%emt 0:05:19] Black must now prevent Rg1. The board is on fire.} Be2 26. Nxe2 ({Less strong is} 26. Ng2 Qg6 $16) 26... Qxe3 27. Nd4 Rd2 28. Rxd2 Qxd2 29. Nf5 Qc3 (29... Qxd6 30. Nxd6 Rc6) 30. Ne7+ Kh8 31. Nxc8 Qxf3+ 32. Kg1 Qe3+ 33. Kf1 Qf3+ {[%emt 0:00:33] [#]} 34. Ke1 $1 Qe3+ {[%emt 0:00:04] [#]} 35. Kd1 $1 Qb3+ 36. Ke2 Qc2+ 37. Kf3 Qc3+ 38. Kf4 h6 {[%emt 0:00:17] [#]} 39. Ne7 $1 {[%emt 0:02:23] Qb8+ would kill now.} g5+ (39... Kh7 40. Rd1) 40. Kg4 {[%emt 0:00:19][%cal Rd6h6] White mates.} ({Stronger than} 40. Kf5 Qf3+ 41. Ke5 Qf4+ 42. Kd5 Qd2+ 43. Ke5 Qf4+ 44. Kd5 Qd2+ 45. Ke5 Qf4+ $11) 40... h5+ 41. Kxg5 Qe3+ 42. Qf4 f6+ 43. Kf5 {[%emt 0:00:08] Weighted Error Value: White=0.53/Black=0.98} 1-0

[Event "44th Chess Olympiad Open 2022"]
[Site "Chennai"]
[Date "2022.07.30"]
[Round "2.46"]
[White "Gong, Daniel Hanwen"]
[Black "Priasmoro, Novendra"]
[Result "1/2-1/2"]
[ECO "A45"]
[WhiteElo "2296"]
[BlackElo "2494"]
[Annotator "TA"]
[PlyCount "65"]
[EventDate "2022.07.29"]
[EventType "team-tourn"]
[EventCountry "IND"]
[SourceTitle "playchess.com"]
[Source "ChessBase"]
[SourceQuality "1"]
[WhiteTeam "New Zealand"]
[BlackTeam "Indonesia"]
[WhiteTeamCountry "NZL"]
[BlackTeamCountry "INA"]
[TimeControl "40/5400+30:1800+30"]

1. d4 Nf6 2. Bf4 g6 3. Nc3 d5 4. e3 Bg7 5. h4 c5 6. Nb5 {[%emt 0:00:58] [#] Strongly threatening Nc7+. A45: Trompowsky Attack.} Na6 {[%emt 0:00:10] Inhibits Nc7+.} 7. c3 O-O 8. Be2 {[%emt 0:00:49] Against Bg4. White has an edge.} Qb6 9. a4 {[%emt 0:00:05] [#]} c4 $146 ({Predecessor:} 9... h5 10. Nf3 Bg4 11. a5 Qc6 12. Ne5 Bxe2 13. Qxe2 Qc8 14. O-O Rd8 15. Rad1 c4 {½-½ (23) Stolz,S (2309)-Rudenko,V (2374) LSS email 2017}) 10. Nf3 Bd7 11. b3 Bxb5 12. axb5 Qxb5 13. bxc4 dxc4 14. Qa4 (14. Qc1 $16) 14... Qxa4 (14... Qb2 $5 15. Qa3 Qxa3 16. Rxa3 Rfc8 $14) 15. Rxa4 Nd5 16. Kd2 Rfd8 17. Kc2 ({Don't play} 17. Rxc4 Nb6 $11) (17. Bxc4 $14 {feels stronger.} Nc5 {[#]} 18. Bxd5 $1 Rxd5 19. Ra2) 17... Nxf4 {[%emt 0:02:03] The position is equal.} (17... Nc5 {seems wilder.} 18. dxc5 Nxc3 19. Rb4 Nxe2 20. Be5 Bxe5 21. Nxe5 Rac8) 18. exf4 {[%emt 0:00:05] Threatens to win with Rb1.} Nc7 19. Rha1 a6 20. Rxc4 Nd5 21. g3 e6 22. Ne5 b5 23. Rc6 b4 $1 24. Bf3 Nxc3 25. Rxc3 bxc3 26. Bxa8 Rxa8 27. Kxc3 $11 {[%emt 0:00:26][%mdl 4096] Endgame KRB-KRN} a5 28. Ra4 Bf8 29. Nc6 Rc8 30. Rc4 {[%emt 0:00:04][%cal Oc6e7] Prevents Bb4+. Ne7+! is the strong threat.} Ra8 31. Ra4 Rc8 32. Rc4 {[%emt 0:00:02][%cal Oc6e7] Inhibits Bb4+. And now Ne7+! would win.} Ra8 33. Ra4 {[%emt 0:03:28] Weighted Error Value: White=0.06 (flawless) /Black=0.05 (flawless)} 1/2-1/2

[Event "44th Chess Olympiad Open 2022"]
[Site "Chennai"]
[Date "2022.07.30"]
[Round "2.48"]
[White "Masango, Spencer"]
[Black "Altell, Majed"]
[Result "1-0"]
[ECO "A17"]
[WhiteElo "2170"]
[BlackElo "1807"]
[Annotator "TA"]
[PlyCount "55"]
[EventDate "2022.07.29"]
[EventType "team-tourn"]
[EventCountry "IND"]
[SourceTitle "playchess.com"]
[Source "ChessBase"]
[SourceQuality "1"]
[WhiteTeam "Zimbabwe"]
[BlackTeam "Palestine"]
[WhiteTeamCountry "ZIM"]
[BlackTeamCountry "PLE"]
[TimeControl "40/5400+30:1800+30"]

1. c4 Nf6 2. Nc3 e6 3. g3 d5 4. Bg2 c6 5. Nf3 Nbd7 (5... d4 $15 6. Nb1 h6) 6. cxd5 {[%emt 0:00:44] A17: English Opening: 1...Nf6 with ...Bb4.} exd5 7. O-O Be7 8. Rb1 {[%emt 0:03:24] The position is equal.} O-O 9. b4 {[%emt 0:00:21] [#]} b5 $146 (9... Nb6 $142) ({Predecessor:} 9... a6 10. d3 Re8 11. e4 dxe4 12. dxe4 a5 13. a3 axb4 14. axb4 Nb6 15. b5 c5 {1-0 (48) Murey,J-Vasiuhin Soviet Union 1967}) 10. Nd4 Ne5 11. d3 Bd7 12. a4 a5 13. axb5 {[%emt 0:05:11] And now f4 would win.} axb4 14. bxc6 (14. Bf4 $5 Ng6 15. bxc6 $11) 14... Nxc6 15. Ncb5 Qb6 $1 16. e3 Bc5 (16... Ne5 $1 $15 17. Nc3 Ra5) 17. Bd2 $11 Rfb8 ({Much weaker is} 17... Nxd4 18. Nxd4 Ra2 19. Nb3 $15) 18. Nxc6 Bxc6 19. Nd4 Bxd4 (19... Ba4 $11 20. Qe2 Bd7) 20. Rxb4 $16 Qc5 21. exd4 Qa7 22. Qb3 Rxb4 23. Qxb4 Qa6 24. Rc1 Bb5 25. Bg5 {[%emt 0:00:51] Strongly threatening Bxf6. White is more active. A strong pair of Bishops.} Bxd3 26. Bxf6 Qxf6 27. Bxd5 g6 $2 {[%emt 0:01:29][%mdl 8192] [#]} 28. Bxa8 {[%emt 0:00:20] Weighted Error Value: White=0.08 (flawless) /Black=0.27 (precise)} 1-0

[Event "44th Chess Olympiad Open 2022"]
[Site "Chennai"]
[Date "2022.07.30"]
[Round "2.48"]
[White "Zhemba, Jemusse"]
[Black "Isam, Gaith"]
[Result "1-0"]
[ECO "A85"]
[WhiteElo "2162"]
[BlackElo "1828"]
[Annotator "TA"]
[PlyCount "199"]
[EventDate "2022.07.29"]
[EventType "team-tourn"]
[EventCountry "IND"]
[SourceTitle "playchess.com"]
[Source "ChessBase"]
[SourceQuality "1"]
[WhiteTeam "Zimbabwe"]
[BlackTeam "Palestine"]
[WhiteTeamCountry "ZIM"]
[BlackTeamCountry "PLE"]
[TimeControl "40/5400+30:1800+30"]

1. Nf3 f5 2. d4 Nf6 3. c4 e6 4. Nc3 Bb4 5. Qb3 Bxc3+ 6. Qxc3 Ne4 {[%emt 0:01:18] A85: Dutch Defence: 2 c4 Nf6 3 Nc3.} 7. Qc2 d6 {[%emt 0:00:42] [#]} 8. b3 $146 ({Predecessor:} 8. g3 b6 9. Bg2 c6 10. O-O O-O 11. Nd2 Nxd2 12. Bxd2 Qf6 13. Rad1 Bb7 14. e4 {½-½ (27) Wilen,E (2028)-Bornand,H (1728) Rhodes 2019}) 8... O-O {[%emt 0:00:12] White is slightly better.} 9. Bb2 b6 10. Nd2 (10. g3 $14) 10... Bb7 $11 ({Resist} 10... Qh4 11. g3 Qe7 12. Nxe4 $16) 11. Nxe4 Bxe4 12. Qc3 {[%emt 0:00:07][%cal Od4d5] And now d5! would win.} f4 13. h4 Nd7 14. O-O-O (14. f3 $14 Bb7 15. e3) 14... Qf6 (14... Nf6 $11) 15. f3 $14 Bb7 16. e4 e5 17. Kb1 exd4 18. Rxd4 Ne5 19. Qe1 Rae8 20. Be2 Kf7 (20... Qg6 $11) 21. b4 {[%emt 0:04:37][%cal Oc4c5] Threatens to win with c5!} (21. c5 $5) 21... c5 22. Rd1 Ke7 (22... Kg8 $11) 23. Qd2 Rd8 24. Qc3 Rd7 25. Ka1 h6 26. Rd2 Rfd8 27. Rhd1 Nc6 (27... Ke8 $11) 28. bxc5 (28. Qa3 {is interesting.} Qf7 29. b5 Na5 30. Bc3) 28... Qxc3 (28... bxc5 $14 29. Qxf6+ gxf6) 29. cxd6+ Rxd6 30. Bxc3 Rxd2 31. Rxd2 Rxd2 32. Bxd2 $16 {[%emt 0:00:02][%mdl 4096] Endgame KBB-KBN} g5 33. hxg5 hxg5 34. Kb2 Nd4 35. Bd1 Ne6 36. Bb4+ Kf7 (36... Nc5 $142 37. Kc3 Kf6) 37. Bd6 Ke8 38. Kc3 Kd7 39. Bb8 Bc6 40. Be5 (40. Bxa7 Kc7 $11) 40... Ke7 41. a3 Ke8 42. Bc2 Ke7 43. Bb8 Kd7 44. Kd2 (44. Bxa7 Kc7 $11) 44... Kc8 (44... Nc5 $16 45. Kc3 (45. Bxa7 Kc7 $11) 45... Na6) 45. Be5 $18 (45. Bxa7 $2 Kb7 46. Bxb6 Kxb6 $19) 45... Kd7 46. Bf6 Ke8 47. Bc3 Ke7 48. Ke1 Nc5 49. Kf2 Ke6 50. Bg7 ({White should play} 50. g3 $16) 50... Bb7 $14 51. Bh6 (51. g3 $14) 51... Kf6 $11 52. Bf8 Ba6 53. Bd6 Bxc4 54. Bb8 a6 $1 55. Bc7 b5 56. Bd8+ Kg6 57. Be7 Ne6 58. Bb4 Nd4 59. Bb1 Kf7 60. g3 fxg3+ 61. Kxg3 Be2 62. f4 gxf4+ 63. Kxf4 {[%emt 0:00:00] aiming for Ke3.} Bc4 64. Ke5 Nb3 65. Kd6 a5 66. Be1 a4 (66... b4 $1 $11) 67. e5 $1 $16 {[%emt 0:00:00] Strongly threatening Bc3.} Nd4 68. Be4 Ne6 69. Bf3 Nd4 70. Bh5+ Kf8 71. Bf2 Nf5+ 72. Kd7 Ng7 73. Bc5+ Kg8 74. Bg4 Kf7 75. Kc6 (75. Bb4 $16) 75... Bd3 ({Better is} 75... Be6 $1 $14 76. Bxe6+ Kxe6) 76. Bb4 Bc4 77. Bc3 Bd3 78. Kd6 {[%emt 0:00:57] Black must now prevent e6+.} Bc4 {[%emt 0:00:12] Against e6+} 79. Bd7 Ne6 80. Bc6 Nf4 (80... Ng7 $142) 81. Bd7 Ne6 82. Kc6 Ke7 83. Bb4+ Kf7 84. Kb6 Nd4 85. Bd6 (85. Kc7 $1 $16) 85... Be6 {[%emt 0:01:14] [#]} (85... Nc2 $1 $11) 86. Bxe6+ (86. Kc7 $1 $16) 86... Kxe6 {[%emt 0:00:01] KB-KN} 87. Kc5 Nf5 88. Bb8 Nh6 89. Kxb5 Nf7 $2 (89... Ng4 $11) 90. Kxa4 $18 Kd7 {[%emt 0:00:34] [#] White mates.} 91. Kb5 $1 Nd8 92. Kb6 Kc8 93. Bd6 Ne6 94. a4 Nf4 95. a5 Nd5+ 96. Kc5 Nf4 97. a6 Ne6+ 98. Kb6 Nf4 99. a7 Nd5+ 100. Ka6 {[%emt 0:00:09] Weighted Error Value: White=0.12 (very precise) /Black=0.14 (very precise)} 1-0